[ AOE2 MATCH · #473888979 ]
Team RMWei vs Magyars
[ REPLAY ANALYSIS · EXTRACTED FROM THE RECORDED GAME ]
Feudal
10:48
Castle
14:43
Imperial
31:56
| APM avg | 41.7 |
| APM peak | 104 |
| eAPM avg | 26.8 |
| Villagers / military | 135 / 0 |
Focus
⚔️ 24.1% · 🌾 75.9%
Unknown (1944) ×115 · Unknown (1942) ×12
Feudal
11:36
Castle
15:07
Imperial
30:27
| APM avg | 31.2 |
| APM peak | 106 |
| eAPM avg | 16.4 |
| Villagers / military | 131 / 163 |
Focus
⚔️ 24.7% · 🌾 75.3%
Cavalry Archer ×115 · Magyar Huszar ×22 · Skirmisher ×20 · Trebuchet (Packed) ×4 · Monk ×1 · Scout Cavalry ×1
Feudal
11:40
Castle
15:33
Imperial
34:21
| APM avg | 26.1 |
| APM peak | 55 |
| eAPM avg | 15.0 |
| Villagers / military | 109 / 65 |
Focus
⚔️ 21.1% · 🌾 78.9%
Mangudai ×45 · Scorpion ×14 · Battering Ram ×3 · Trebuchet (Packed) ×3
Feudal
10:14
Castle
14:26
Imperial
—
| APM avg | 27.3 |
| APM peak | 79 |
| eAPM avg | 14.8 |
| Villagers / military | 151 / 7 |
Focus
⚔️ 8.2% · 🌾 91.8%
Spearman ×5 · Shotel Warrior ×2
Feudal
9:08
Castle
19:06
Imperial
31:59
| APM avg | 33.5 |
| APM peak | 77 |
| eAPM avg | 17.3 |
| Villagers / military | 176 / 95 |
Focus
⚔️ 18.5% · 🌾 81.5%
Unknown (1949) ×124 · Scout Cavalry ×95 · Unknown (1942) ×6
Feudal
12:01
Castle
16:21
Imperial
29:44
| APM avg | 26.6 |
| APM peak | 60 |
| eAPM avg | 15.9 |
| Villagers / military | 136 / 330 |
Focus
⚔️ 28.5% · 🌾 71.5%
Scout Cavalry ×174 · Mameluke ×153 · Trebuchet (Packed) ×3
Feudal
10:51
Castle
16:25
Imperial
—
| APM avg | 19.2 |
| APM peak | 46 |
| eAPM avg | 12.8 |
| Villagers / military | 77 / 82 |
Focus
⚔️ 34.5% · 🌾 65.5%
Samurai ×52 · Spearman ×21 · Battering Ram ×9 · Unknown (1105) ×1
Feudal
11:22
Castle
14:58
Imperial
40:14
| APM avg | 41.0 |
| APM peak | 82 |
| eAPM avg | 29.2 |
| Villagers / military | 245 / 40 |
Focus
⚔️ 43.7% · 🌾 56.3%
Spearman ×34 · Mangonel ×3 · Hussite Wagon ×3
Match map
Initial resources + every placement click. Lines = walls · curves = elevation contours. ◆ gold · ⬟ stone · ● berries · ✦ relic · ◌ wall gap
Inputs per minute
— |WolkF| - - Aasal
Build order — |WolkF|
First 150 of 421 actions detected
| 0:01 | Create | Villager (Male) |
| 0:01 | Create | Villager (Male) |
| 0:04 | Build | House |
| 0:06 | Build | House |
| 0:06 | Create | Villager (Male) |
| 0:07 | Create | Villager (Male) |
| 1:24 | Create | Villager (Male) |
| 1:40 | Create | Villager (Male) |
| 1:41 | Create | Villager (Male) |
| 2:00 | Create | Villager (Male) |
| 2:01 | Create | Villager (Male) |
| 2:23 | Build | Lumber Camp |
| 2:35 | Create | Villager (Male) |
| 2:36 | Create | Villager (Male) |
| 2:36 | Create | Villager (Male) |
| 2:47 | Create | Villager (Male) |
| 2:47 | Create | Villager (Male) |
| 3:12 | Build | House |
| 3:14 | Build | House |
| 3:16 | Create | Villager (Male) |
| 3:16 | Create | Villager (Male) |
| 3:16 | Create | Villager (Male) |
| 3:42 | Build | House |
| 4:19 | Create | Villager (Male) |
| 4:20 | Create | Villager (Male) |
| 4:20 | Create | Villager (Male) |
| 4:20 | Create | Villager (Male) |
| 5:08 | Create | Villager (Male) |
| 5:09 | Create | Villager (Male) |
| 5:19 | Create | Villager (Male) |
| 5:49 | Create | Villager (Male) |
| 6:06 | Build | Mill |
| 7:00 | Build | Farm |
| 7:02 | Build | Farm |
| 7:23 | Create | Villager (Male) |
| 7:23 | Create | Villager (Male) |
| 7:50 | Create | Villager (Male) |
| 8:17 | Build | Mining Camp |
| 8:33 | Build | Farm |
| 8:37 | Research | Feudal Age |
| 9:45 | Create | Villager (Male) |
| 9:45 | Create | Villager (Male) |
| 10:48 | Age | Feudal Age |
| 10:54 | Build | Market |
| 10:58 | Build | Blacksmith |
| 11:38 | Create | Villager (Male) |
| 11:59 | Research | Castle Age |
| 12:24 | Research | Double-Bit Axe |
| 13:15 | Research | Horse Collar |
| 13:25 | Build | House |
| 13:37 | Research | Gold Mining |
| 13:40 | Build | House |
| 14:21 | Build | House |
| 14:43 | Age | Castle Age |
| 14:46 | Build | Town Center |
| 14:59 | Build | Town Center |
| 15:15 | Build | Town Center |
| 15:18 | Create | Villager (Male) |
| 15:20 | Build | House |
| 15:21 | Create | Villager (Male) |
| 16:23 | Create | Villager (Male) |
| 16:31 | Build | Farm |
| 16:32 | Build | Farm |
| 16:34 | Build | Farm |
| 16:41 | Create | Villager (Male) |
| 16:41 | Create | Villager (Male) |
| 16:41 | Create | Villager (Male) |
| 16:41 | Create | Villager (Male) |
| 16:47 | Build | House |
| 16:52 | Build | Farm |
| 16:59 | Build | Farm |
| 17:01 | Build | Farm |
| 17:14 | Build | Farm |
| 17:16 | Create | Villager (Male) |
| 17:28 | Build | Farm |
| 17:32 | Build | Farm |
| 17:33 | Build | Farm |
| 17:36 | Build | House |
| 17:42 | Create | Villager (Male) |
| 17:42 | Create | Villager (Male) |
| 17:42 | Create | Villager (Male) |
| 17:48 | Build | Farm |
| 17:59 | Create | Villager (Male) |
| 17:59 | Create | Villager (Male) |
| 17:59 | Create | Villager (Male) |
| 18:04 | Build | Farm |
| 18:05 | Build | Farm |
| 18:07 | Build | Farm |
| 18:09 | Build | House |
| 18:10 | Build | House |
| 18:13 | Build | Farm |
| 18:16 | Create | Villager (Male) |
| 18:16 | Create | Villager (Male) |
| 18:17 | Create | Villager (Male) |
| 18:22 | Create | Villager (Male) |
| 18:22 | Create | Villager (Male) |
| 18:23 | Create | Villager (Male) |
| 18:23 | Create | Villager (Male) |
| 18:30 | Create | Villager (Male) |
| 18:30 | Create | Villager (Male) |
| 18:30 | Create | Villager (Male) |
| 18:41 | Build | House |
| 18:41 | Create | Villager (Male) |
| 18:41 | Create | Villager (Male) |
| 18:45 | Build | Farm |
| 18:47 | Create | Villager (Male) |
| 18:47 | Create | Villager (Male) |
| 19:09 | Create | Villager (Male) |
| 19:13 | Build | Farm |
| 19:14 | Build | Farm |
| 19:15 | Create | Villager (Male) |
| 19:17 | Build | Farm |
| 19:19 | Build | Farm |
| 19:20 | Create | Villager (Male) |
| 19:36 | Build | Farm |
| 19:37 | Build | Farm |
| 19:38 | Build | Farm |
| 19:41 | Build | Farm |
| 19:46 | Build | House |
| 19:46 | Build | House |
| 19:52 | Create | Villager (Male) |
| 20:04 | Create | Villager (Male) |
| 20:07 | Create | Villager (Male) |
| 20:07 | Create | Villager (Male) |
| 20:08 | Create | Villager (Male) |
| 20:14 | Build | Farm |
| 20:16 | Build | Farm |
| 20:18 | Build | Farm |
| 20:22 | Create | Villager (Male) |
| 20:25 | Build | Farm |
| 20:56 | Create | Villager (Male) |
| 21:01 | Build | Farm |
| 21:05 | Create | Villager (Male) |
| 21:08 | Build | Barracks |
| 21:09 | Create | Villager (Male) |
| 21:11 | Research | Wheelbarrow |
| 21:11 | Research | Loom |
| 21:14 | Build | House |
| 21:14 | Build | House |
| 21:28 | Create | Villager (Male) |
| 21:38 | Create | Villager (Male) |
| 21:40 | Create | Villager (Male) |
| 21:43 | Build | Farm |
| 21:44 | Create | Villager (Male) |
| 21:47 | Build | Stable |
| 21:50 | Create | Villager (Male) |
| 21:51 | Create | Villager (Male) |
| 21:51 | Create | Villager (Male) |
| 22:19 | Create | Villager (Male) |
| 22:22 | Build | House |
Build order — Aasal
First 150 of 360 actions detected
| 0:00 | Create | Villager (Male) |
| 0:01 | Create | Villager (Male) |
| 0:01 | Create | Villager (Male) |
| 0:01 | Create | Villager (Male) |
| 0:05 | Build | House |
| 0:06 | Build | House |
| 1:37 | Create | Villager (Male) |
| 1:45 | Build | Lumber Camp |
| 2:01 | Create | Villager (Male) |
| 3:00 | Create | Villager (Male) |
| 3:00 | Create | Villager (Male) |
| 3:01 | Create | Villager (Male) |
| 4:05 | Build | House |
| 4:25 | Create | Villager (Male) |
| 4:26 | Create | Villager (Male) |
| 4:26 | Create | Villager (Male) |
| 5:16 | Build | Mill |
| 5:31 | Create | Villager (Male) |
| 5:32 | Create | Villager (Male) |
| 5:33 | Create | Villager (Male) |
| 6:14 | Create | Villager (Male) |
| 6:15 | Create | Villager (Male) |
| 6:15 | Create | Villager (Male) |
| 6:44 | Build | Farm |
| 6:45 | Build | Farm |
| 6:53 | Build | House |
| 7:35 | Build | Farm |
| 7:58 | Create | Villager (Male) |
| 7:58 | Create | Villager (Male) |
| 7:58 | Create | Villager (Male) |
| 8:46 | Research | Feudal Age |
| 9:00 | Build | House |
| 9:08 | Build | Mining Camp |
| 9:27 | Build | Farm |
| 10:07 | Create | Villager (Male) |
| 10:07 | Create | Villager (Male) |
| 11:36 | Age | Feudal Age |
| 11:37 | Build | Blacksmith |
| 11:39 | Build | Market |
| 12:27 | Research | Castle Age |
| 12:33 | Research | Double-Bit Axe |
| 13:14 | Research | Horse Collar |
| 13:27 | Build | Farm |
| 13:29 | Build | Farm |
| 13:30 | Build | Farm |
| 13:32 | Build | Farm |
| 13:37 | Build | Farm |
| 13:54 | Research | Loom |
| 13:55 | Create | Villager (Male) |
| 13:55 | Create | Villager (Male) |
| 14:02 | Build | House |
| 14:03 | Build | House |
| 15:07 | Age | Castle Age |
| 15:10 | Build | Town Center |
| 15:19 | Build | Town Center |
| 16:07 | Create | Villager (Male) |
| 16:07 | Create | Villager (Male) |
| 16:26 | Create | Villager (Male) |
| 16:26 | Create | Villager (Male) |
| 16:56 | Create | Villager (Male) |
| 16:56 | Create | Villager (Male) |
| 16:56 | Create | Villager (Male) |
| 17:01 | Build | Farm |
| 17:02 | Build | Farm |
| 17:02 | Build | Farm |
| 17:02 | Build | Farm |
| 17:07 | Create | Villager (Male) |
| 17:07 | Create | Villager (Male) |
| 17:16 | Research | Bow Saw |
| 17:23 | Build | Farm |
| 17:41 | Build | Farm |
| 17:45 | Create | Villager (Male) |
| 17:45 | Create | Villager (Male) |
| 17:45 | Create | Villager (Male) |
| 18:01 | Build | Farm |
| 18:08 | Create | Villager (Male) |
| 18:09 | Create | Villager (Male) |
| 18:14 | Build | Farm |
| 18:18 | Build | Farm |
| 18:26 | Create | Villager (Male) |
| 18:27 | Create | Villager (Male) |
| 18:36 | Build | Farm |
| 18:36 | Build | Farm |
| 18:39 | Create | Villager (Male) |
| 18:39 | Create | Villager (Male) |
| 18:47 | Build | Farm |
| 18:50 | Build | Farm |
| 18:53 | Create | Villager (Male) |
| 18:53 | Create | Villager (Male) |
| 18:59 | Build | Farm |
| 19:11 | Build | Farm |
| 19:17 | Create | Villager (Male) |
| 19:18 | Create | Villager (Male) |
| 19:22 | Build | Farm |
| 19:31 | Create | Villager (Male) |
| 19:31 | Create | Villager (Male) |
| 19:36 | Build | Farm |
| 19:37 | Build | Farm |
| 19:38 | Build | Farm |
| 19:38 | Build | Farm |
| 19:39 | Build | Farm |
| 19:47 | Build | House |
| 19:48 | Build | Farm |
| 19:50 | Build | House |
| 19:52 | Build | House |
| 19:56 | Research | Heavy Plow |
| 20:01 | Build | Farm |
| 20:03 | Create | Villager (Male) |
| 20:13 | Build | House |
| 20:17 | Build | House |
| 20:19 | Build | House |
| 20:22 | Build | House |
| 20:23 | Create | Villager (Male) |
| 20:24 | Create | Villager (Male) |
| 20:24 | Create | Villager (Male) |
| 20:30 | Create | Villager (Male) |
| 20:56 | Build | Town Center |
| 20:56 | Create | Villager (Male) |
| 20:57 | Create | Villager (Male) |
| 20:57 | Create | Villager (Male) |
| 21:00 | Build | House |
| 21:02 | Build | House |
| 21:02 | Build | House |
| 21:04 | Build | House |
| 21:05 | Build | House |
| 21:11 | Build | House |
| 21:13 | Create | Villager (Male) |
| 21:13 | Create | Villager (Male) |
| 21:14 | Create | Villager (Male) |
| 21:14 | Create | Villager (Male) |
| 21:23 | Build | Farm |
| 21:26 | Create | Villager (Male) |
| 21:26 | Create | Villager (Male) |
| 21:27 | Create | Villager (Male) |
| 21:36 | Build | House |
| 21:38 | Build | House |
| 21:39 | Build | House |
| 21:41 | Build | House |
| 21:42 | Build | House |
| 21:43 | Build | House |
| 21:43 | Create | Villager (Male) |
| 21:44 | Create | Villager (Male) |
| 21:50 | Build | Farm |
| 21:59 | Research | Wheelbarrow |
| 22:07 | Build | Farm |
| 22:07 | Build | Farm |
| 22:08 | Build | Farm |
| 22:08 | Build | Farm |
| 22:15 | Build | Farm |
| 22:18 | Create | Villager (Male) |
Build order — Comend x comend
First 150 of 230 actions detected
| 0:03 | Create | Villager (Male) |
| 0:03 | Create | Villager (Male) |
| 0:03 | Create | Villager (Male) |
| 0:04 | Build | House |
| 0:06 | Build | House |
| 1:15 | Create | Villager (Male) |
| 1:15 | Create | Villager (Male) |
| 1:42 | Create | Villager (Male) |
| 1:42 | Create | Villager (Male) |
| 2:04 | Create | Villager (Male) |
| 2:05 | Create | Villager (Male) |
| 2:05 | Create | Villager (Male) |
| 2:18 | Create | Villager (Male) |
| 2:48 | Create | Villager (Male) |
| 2:49 | Create | Villager (Male) |
| 3:05 | Create | Villager (Male) |
| 3:28 | Build | House |
| 3:29 | Build | House |
| 3:32 | Build | Mill |
| 3:39 | Create | Villager (Male) |
| 3:40 | Create | Villager (Male) |
| 3:59 | Create | Villager (Male) |
| 4:00 | Create | Villager (Male) |
| 4:37 | Create | Villager (Male) |
| 5:08 | Create | Villager (Male) |
| 5:08 | Create | Villager (Male) |
| 5:18 | Build | Lumber Camp |
| 5:21 | Create | Villager (Male) |
| 6:00 | Create | Villager (Male) |
| 6:00 | Create | Villager (Male) |
| 6:01 | Create | Villager (Male) |
| 6:49 | Create | Villager (Male) |
| 6:49 | Create | Villager (Male) |
| 7:16 | Create | Villager (Male) |
| 7:42 | Create | Villager (Male) |
| 7:50 | Build | Mining Camp |
| 8:29 | Create | Villager (Male) |
| 8:30 | Create | Villager (Male) |
| 8:33 | Build | House |
| 8:34 | Build | House |
| 8:41 | Build | Mining Camp |
| 9:30 | Research | Feudal Age |
| 9:30 | Research | Feudal Age |
| 9:31 | Research | Feudal Age |
| 9:40 | Build | Farm |
| 11:05 | Build | Farm |
| 11:06 | Build | Farm |
| 11:35 | Create | Villager (Male) |
| 11:35 | Create | Villager (Male) |
| 11:40 | Age | Feudal Age |
| 11:49 | Build | Blacksmith |
| 11:55 | Build | Market |
| 12:53 | Research | Castle Age |
| 12:53 | Research | Castle Age |
| 13:10 | Research | Double-Bit Axe |
| 13:16 | Research | Stone Mining |
| 14:27 | Research | Gold Mining |
| 15:03 | Build | Blacksmith |
| 15:33 | Age | Castle Age |
| 15:45 | Build | Castle |
| 15:48 | Create | Villager (Male) |
| 15:48 | Create | Villager (Male) |
| 16:15 | Create | Villager (Male) |
| 16:48 | Build | Farm |
| 16:54 | Create | Mangudai |
| 16:54 | Create | Mangudai |
| 16:55 | Create | Mangudai |
| 17:18 | Build | Farm |
| 17:20 | Build | Farm |
| 17:21 | Build | Farm |
| 17:23 | Build | Farm |
| 17:47 | Build | Building 487 |
| 17:53 | Build | Stone Wall |
| 18:00 | Build | Stone Wall |
| 18:05 | Create | Villager (Male) |
| 18:05 | Create | Villager (Male) |
| 18:20 | Build | Town Center |
| 18:26 | Create | Villager (Male) |
| 18:28 | Create | Mangudai |
| 18:29 | Create | Mangudai |
| 18:29 | Create | Mangudai |
| 18:31 | Create | Mangudai |
| 18:50 | Create | Villager (Male) |
| 19:06 | Create | Mangudai |
| 19:39 | Create | Villager (Male) |
| 19:39 | Create | Villager (Male) |
| 19:40 | Create | Villager (Male) |
| 20:04 | Build | Farm |
| 20:05 | Build | Farm |
| 20:20 | Create | Villager (Male) |
| 20:20 | Create | Villager (Male) |
| 20:45 | Create | Villager (Male) |
| 20:45 | Create | Villager (Male) |
| 20:49 | Build | Siege Workshop |
| 21:05 | Create | Villager (Male) |
| 21:17 | Build | Farm |
| 21:21 | Create | Villager (Male) |
| 21:22 | Create | Villager (Male) |
| 21:33 | Create | Villager (Male) |
| 21:37 | Build | Farm |
| 21:59 | Create | Villager (Male) |
| 22:00 | Create | Villager (Male) |
| 22:04 | Create | Battering Ram |
| 22:14 | Build | Lumber Camp |
| 22:21 | Create | Villager (Male) |
| 22:34 | Create | Villager (Male) |
| 22:43 | Create | Battering Ram |
| 22:46 | Create | Villager (Male) |
| 22:46 | Create | Villager (Male) |
| 22:48 | Research | Loom |
| 23:04 | Create | Battering Ram |
| 23:05 | Create | Villager (Male) |
| 23:05 | Create | Villager (Male) |
| 23:15 | Create | Mangudai |
| 23:15 | Create | Mangudai |
| 23:33 | Create | Villager (Male) |
| 23:33 | Create | Villager (Male) |
| 23:35 | Build | House |
| 23:36 | Build | House |
| 23:37 | Build | House |
| 24:04 | Research | Town Watch |
| 24:09 | Research | Fletching |
| 24:19 | Create | Mangudai |
| 24:34 | Create | Villager (Male) |
| 24:35 | Create | Villager (Male) |
| 24:39 | Create | Villager (Male) |
| 24:41 | Create | Mangudai |
| 24:42 | Create | Mangudai |
| 24:56 | Create | Villager (Male) |
| 25:17 | Build | University |
| 25:27 | Build | Castle |
| 25:37 | Create | Villager (Male) |
| 25:37 | Create | Villager (Male) |
| 26:00 | Create | Villager (Male) |
| 26:00 | Create | Villager (Male) |
| 26:19 | Research | Ballistics |
| 26:21 | Create | Mangudai |
| 26:21 | Create | Mangudai |
| 26:22 | Create | Mangudai |
| 26:33 | Create | Villager (Male) |
| 26:34 | Create | Villager (Male) |
| 26:38 | Build | Mining Camp |
| 26:40 | Create | Villager (Male) |
| 26:47 | Build | Lumber Camp |
| 28:02 | Research | Wheelbarrow |
| 28:02 | Research | Wheelbarrow |
| 28:07 | Build | Mining Camp |
| 28:14 | Create | Villager (Male) |
| 28:14 | Create | Villager (Male) |
| 28:15 | Create | Villager (Male) |
Build order — jeromeW
First 150 of 293 actions detected
| 0:00 | Create | Villager (Male) |
| 0:00 | Create | Villager (Male) |
| 0:01 | Create | Villager (Male) |
| 0:01 | Create | Villager (Male) |
| 0:02 | Build | House |
| 0:03 | Build | House |
| 1:23 | Create | Villager (Male) |
| 2:02 | Create | Villager (Male) |
| 2:10 | Create | Villager (Male) |
| 2:12 | Build | Lumber Camp |
| 2:41 | Create | Villager (Male) |
| 2:59 | Create | Villager (Male) |
| 3:25 | Build | House |
| 3:39 | Create | Villager (Male) |
| 3:39 | Create | Villager (Male) |
| 4:43 | Create | Villager (Male) |
| 4:44 | Create | Villager (Male) |
| 4:44 | Create | Villager (Male) |
| 5:11 | Create | Villager (Male) |
| 5:16 | Build | House |
| 5:37 | Create | Villager (Male) |
| 5:38 | Create | Villager (Male) |
| 5:40 | Build | Mill |
| 6:03 | Create | Villager (Male) |
| 6:03 | Create | Villager (Male) |
| 6:20 | Create | Villager (Male) |
| 6:20 | Create | Villager (Male) |
| 6:43 | Create | Villager (Male) |
| 7:16 | Create | Villager (Male) |
| 8:04 | Research | Feudal Age |
| 8:09 | Build | House |
| 8:34 | Build | Mining Camp |
| 9:10 | Create | Villager (Male) |
| 9:10 | Create | Villager (Male) |
| 10:03 | Build | Farm |
| 10:14 | Age | Feudal Age |
| 10:18 | Build | Market |
| 10:22 | Build | Blacksmith |
| 10:54 | Build | Farm |
| 10:57 | Build | Farm |
| 11:03 | Create | Villager (Male) |
| 11:47 | Research | Castle Age |
| 11:59 | Build | House |
| 12:01 | Build | House |
| 12:02 | Build | House |
| 12:04 | Build | House |
| 12:40 | Research | Double-Bit Axe |
| 13:02 | Research | Loom |
| 13:03 | Create | Villager (Male) |
| 14:26 | Age | Castle Age |
| 14:28 | Create | Villager (Male) |
| 15:00 | Build | House |
| 15:13 | Create | Villager (Male) |
| 15:16 | Research | Bow Saw |
| 15:35 | Create | Villager (Male) |
| 15:52 | Create | Villager (Male) |
| 16:00 | Build | Castle |
| 16:11 | Build | Palisade Wall |
| 16:13 | Build | Palisade Wall |
| 16:14 | Build | Palisade Wall |
| 16:27 | Create | Villager (Male) |
| 16:36 | Build | Lumber Camp |
| 16:43 | Build | Farm |
| 17:08 | Create | Villager (Male) |
| 17:10 | Build | Farm |
| 17:13 | Build | Farm |
| 17:23 | Build | Town Center |
| 17:33 | Create | Shotel Warrior |
| 17:35 | Create | Villager (Male) |
| 17:41 | Build | Farm |
| 17:54 | Build | Farm |
| 18:01 | Build | Mill |
| 18:12 | Create | Villager (Male) |
| 18:12 | Create | Villager (Male) |
| 18:16 | Build | Farm |
| 18:24 | Create | Shotel Warrior |
| 18:32 | Create | Villager (Male) |
| 18:40 | Build | Farm |
| 18:55 | Build | Farm |
| 18:56 | Build | Farm |
| 18:57 | Create | Villager (Male) |
| 19:29 | Create | Villager (Male) |
| 19:29 | Create | Villager (Male) |
| 19:31 | Create | Villager (Male) |
| 19:31 | Create | Villager (Male) |
| 19:45 | Build | Farm |
| 19:46 | Build | Farm |
| 20:00 | Create | Villager (Male) |
| 20:02 | Create | Villager (Male) |
| 20:02 | Create | Villager (Male) |
| 20:06 | Research | Horse Collar |
| 20:12 | Create | Villager (Male) |
| 20:24 | Build | Farm |
| 20:27 | Build | Farm |
| 20:30 | Build | Farm |
| 20:33 | Create | Villager (Male) |
| 20:35 | Create | Villager (Male) |
| 20:39 | Create | Villager (Male) |
| 20:41 | Build | Farm |
| 20:42 | Build | Farm |
| 20:48 | Create | Villager (Male) |
| 20:52 | Build | Farm |
| 20:57 | Create | Villager (Male) |
| 21:06 | Build | House |
| 21:08 | Build | House |
| 21:25 | Create | Villager (Male) |
| 21:27 | Create | Villager (Male) |
| 21:33 | Build | University |
| 21:40 | Research | Wheelbarrow |
| 21:42 | Create | Villager (Male) |
| 21:49 | Build | Farm |
| 22:05 | Create | Villager (Male) |
| 22:06 | Create | Villager (Male) |
| 22:23 | Build | Farm |
| 22:29 | Build | Farm |
| 22:34 | Build | Farm |
| 22:36 | Create | Villager (Male) |
| 22:41 | Create | Villager (Male) |
| 23:12 | Create | Villager (Male) |
| 23:13 | Create | Villager (Male) |
| 23:14 | Create | Villager (Male) |
| 23:22 | Build | Farm |
| 23:28 | Build | Mining Camp |
| 23:50 | Create | Villager (Male) |
| 24:12 | Build | Mining Camp |
| 24:16 | Create | Villager (Male) |
| 24:17 | Create | Villager (Male) |
| 24:29 | Build | Farm |
| 24:33 | Create | Villager (Male) |
| 24:33 | Create | Villager (Male) |
| 24:52 | Create | Villager (Male) |
| 25:05 | Research | Imperial Age |
| 25:08 | Create | Villager (Male) |
| 25:08 | Create | Villager (Male) |
| 25:24 | Build | House |
| 25:26 | Build | House |
| 25:26 | Build | House |
| 25:39 | Build | Stone Wall |
| 25:49 | Research | Stone Mining |
| 25:50 | Research | Gold Mining |
| 25:59 | Research | Fletching |
| 26:16 | Build | Town Center |
| 26:40 | Create | Villager (Male) |
| 26:41 | Create | Villager (Male) |
| 27:00 | Create | Villager (Male) |
| 27:34 | Research | Heavy Plow |
| 27:58 | Build | Castle |
| 28:08 | Research | Bodkin Arrow |
| 28:44 | Create | Villager (Male) |
| 28:44 | Create | Villager (Male) |
Build order — 跟鬼一樣
First 150 of 348 actions detected
| 0:02 | Create | Villager (Male) |
| 0:02 | Create | Villager (Male) |
| 0:02 | Create | Villager (Male) |
| 0:04 | Build | House |
| 0:06 | Build | House |
| 0:16 | Create | Villager (Male) |
| 1:29 | Create | Villager (Male) |
| 1:29 | Create | Villager (Male) |
| 2:03 | Create | Villager (Male) |
| 2:04 | Create | Villager (Male) |
| 2:25 | Create | Villager (Male) |
| 2:54 | Create | Villager (Male) |
| 2:54 | Create | Villager (Male) |
| 2:56 | Create | Villager (Male) |
| 2:56 | Create | Villager (Male) |
| 2:56 | Create | Villager (Male) |
| 3:32 | Create | Villager (Male) |
| 3:43 | Build | Lumber Camp |
| 3:52 | Build | House |
| 3:53 | Build | House |
| 3:58 | Create | Villager (Male) |
| 3:58 | Create | Villager (Male) |
| 3:58 | Create | Villager (Male) |
| 3:59 | Create | Villager (Male) |
| 4:52 | Create | Villager (Male) |
| 4:52 | Create | Villager (Male) |
| 6:05 | Build | Mill |
| 6:10 | Create | Villager (Male) |
| 6:10 | Create | Villager (Male) |
| 6:58 | Research | Feudal Age |
| 7:38 | Build | House |
| 7:40 | Build | House |
| 8:59 | Create | Villager (Male) |
| 9:00 | Create | Villager (Male) |
| 9:01 | Create | Villager (Male) |
| 9:08 | Age | Feudal Age |
| 9:31 | Build | Market |
| 9:45 | Build | Mining Camp |
| 10:21 | Build | Blacksmith |
| 10:27 | Create | Villager (Male) |
| 10:28 | Create | Villager (Male) |
| 10:28 | Create | Villager (Male) |
| 10:28 | Create | Villager (Male) |
| 10:30 | Create | Villager (Male) |
| 10:51 | Build | House |
| 11:08 | Build | Farm |
| 11:14 | Build | Farm |
| 11:50 | Build | House |
| 12:00 | Create | Villager (Male) |
| 12:15 | Create | Villager (Male) |
| 12:23 | Research | Horse Collar |
| 12:39 | Create | Villager (Male) |
| 12:55 | Research | Double-Bit Axe |
| 12:56 | Research | Double-Bit Axe |
| 12:56 | Research | Double-Bit Axe |
| 13:03 | Build | Farm |
| 13:26 | Build | Farm |
| 13:45 | Create | Villager (Male) |
| 13:47 | Create | Villager (Male) |
| 13:49 | Create | Villager (Male) |
| 13:51 | Create | Villager (Male) |
| 14:01 | Build | Lumber Camp |
| 14:15 | Build | Farm |
| 14:17 | Build | Farm |
| 14:52 | Build | Farm |
| 15:04 | Build | Farm |
| 15:07 | Build | Farm |
| 15:10 | Build | Farm |
| 15:22 | Build | Farm |
| 15:36 | Build | Farm |
| 15:49 | Build | Farm |
| 16:03 | Build | House |
| 16:06 | Build | House |
| 16:26 | Research | Castle Age |
| 16:27 | Research | Castle Age |
| 16:44 | Build | Farm |
| 16:49 | Build | Farm |
| 16:54 | Build | Farm |
| 17:18 | Build | House |
| 17:35 | Create | Villager (Male) |
| 17:35 | Create | Villager (Male) |
| 17:40 | Research | Gold Mining |
| 18:07 | Build | House |
| 18:08 | Build | House |
| 18:19 | Create | Villager (Male) |
| 19:06 | Age | Castle Age |
| 19:14 | Build | Town Center |
| 19:19 | Build | Town Center |
| 19:25 | Build | Town Center |
| 19:44 | Build | Building 487 |
| 19:56 | Create | Villager (Male) |
| 20:17 | Create | Villager (Male) |
| 20:31 | Create | Villager (Male) |
| 20:40 | Create | Villager (Male) |
| 20:40 | Create | Villager (Male) |
| 20:44 | Create | Villager (Male) |
| 20:44 | Create | Villager (Male) |
| 20:54 | Create | Villager (Male) |
| 20:55 | Create | Villager (Male) |
| 21:02 | Build | Town Center |
| 21:10 | Research | Loom |
| 21:12 | Create | Villager (Male) |
| 21:13 | Create | Villager (Male) |
| 21:14 | Create | Villager (Male) |
| 21:16 | Create | Villager (Male) |
| 21:21 | Research | Bow Saw |
| 21:21 | Research | Bow Saw |
| 21:21 | Research | Bow Saw |
| 21:32 | Research | Heavy Plow |
| 21:39 | Create | Villager (Male) |
| 21:40 | Create | Villager (Male) |
| 21:42 | Create | Villager (Male) |
| 21:44 | Create | Villager (Male) |
| 21:47 | Create | Villager (Male) ×2 |
| 21:52 | Build | Farm |
| 21:53 | Build | Farm |
| 21:58 | Build | House |
| 21:59 | Build | House |
| 22:01 | Build | House |
| 22:08 | Build | Building 490 |
| 22:13 | Build | Lumber Camp |
| 22:19 | Create | Villager (Male) ×3 |
| 22:28 | Build | Farm |
| 22:32 | Build | Farm |
| 22:35 | Create | Villager (Male) |
| 22:45 | Build | Farm |
| 22:45 | Build | Farm |
| 22:46 | Build | Farm |
| 22:46 | Build | Farm |
| 22:49 | Create | Villager (Male) ×2 |
| 22:50 | Create | Villager (Male) ×2 |
| 23:02 | Create | Villager (Male) |
| 23:02 | Create | Villager (Male) |
| 23:06 | Build | Farm |
| 23:07 | Build | Farm |
| 23:07 | Build | Farm |
| 23:07 | Build | Farm |
| 23:08 | Build | Farm |
| 23:12 | Create | Villager (Male) |
| 23:12 | Create | Villager (Male) |
| 23:13 | Create | Villager (Male) |
| 23:20 | Build | House |
| 23:30 | Build | Monastery |
| 23:33 | Create | Villager (Male) ×2 |
| 23:33 | Create | Villager (Male) ×2 |
| 23:34 | Create | Villager (Male) ×2 |
| 23:36 | Create | Villager (Male) |
| 23:37 | Create | Villager (Male) |
| 23:44 | Build | Farm |
| 23:45 | Build | Farm |
Build order — Snow100
First 150 of 368 actions detected
| 0:01 | Create | Villager (Male) ×4 |
| 0:01 | Create | Villager (Male) ×4 |
| 0:04 | Build | House |
| 0:06 | Build | House |
| 1:25 | Create | Villager (Male) |
| 1:25 | Create | Villager (Male) |
| 1:52 | Build | Lumber Camp |
| 2:04 | Create | Villager (Male) |
| 2:04 | Create | Villager (Male) |
| 2:21 | Create | Villager (Male) |
| 2:21 | Create | Villager (Male) |
| 2:55 | Create | Villager (Male) |
| 2:55 | Create | Villager (Male) |
| 3:01 | Build | House |
| 3:07 | Create | Villager (Male) |
| 3:08 | Create | Villager (Male) |
| 3:08 | Create | Villager (Male) |
| 3:42 | Create | Villager (Male) |
| 3:43 | Create | Villager (Male) |
| 3:43 | Create | Villager (Male) |
| 4:12 | Create | Villager (Male) |
| 4:13 | Create | Villager (Male) |
| 4:21 | Build | Mill |
| 4:36 | Create | Villager (Male) |
| 4:36 | Create | Villager (Male) |
| 4:36 | Create | Villager (Male) |
| 4:37 | Create | Villager (Male) |
| 5:02 | Create | Villager (Male) |
| 5:03 | Create | Villager (Male) |
| 5:13 | Build | House |
| 5:22 | Create | Villager (Male) |
| 5:22 | Create | Villager (Male) |
| 5:36 | Create | Villager (Male) |
| 6:01 | Build | Lumber Camp |
| 6:04 | Create | Villager (Male) |
| 6:49 | Create | Villager (Male) |
| 6:49 | Create | Villager (Male) |
| 7:17 | Build | House |
| 7:42 | Create | Villager (Male) |
| 7:42 | Create | Villager (Male) |
| 7:42 | Create | Villager (Male) |
| 7:57 | Build | Mining Camp |
| 8:01 | Create | Villager (Male) |
| 8:45 | Create | Villager (Male) |
| 9:02 | Build | Farm |
| 9:03 | Build | Farm |
| 9:51 | Research | Feudal Age |
| 10:16 | Create | Villager (Male) |
| 10:16 | Create | Villager (Male) |
| 10:17 | Create | Villager (Male) |
| 10:18 | Research | Loom |
| 10:46 | Build | Mining Camp |
| 12:01 | Age | Feudal Age |
| 12:04 | Build | Market |
| 12:08 | Build | Blacksmith |
| 12:11 | Build | House |
| 12:12 | Build | House |
| 12:13 | Build | House |
| 12:14 | Build | House |
| 12:15 | Build | House |
| 12:58 | Build | Farm |
| 13:00 | Build | Farm |
| 13:37 | Research | Castle Age |
| 14:02 | Research | Horse Collar |
| 14:09 | Build | Farm |
| 14:12 | Build | Farm |
| 14:16 | Build | Farm |
| 14:20 | Build | Farm |
| 14:50 | Research | Double-Bit Axe |
| 14:51 | Research | Double-Bit Axe |
| 14:51 | Research | Double-Bit Axe |
| 15:58 | Build | House |
| 16:06 | Create | Villager (Male) |
| 16:07 | Create | Villager (Male) |
| 16:07 | Create | Villager (Male) |
| 16:21 | Age | Castle Age |
| 16:30 | Build | Town Center |
| 16:37 | Build | Town Center |
| 16:43 | Build | Town Center |
| 16:50 | Research | Heavy Plow |
| 16:55 | Research | Bow Saw |
| 17:17 | Build | Farm |
| 17:32 | Build | House |
| 17:35 | Build | House |
| 17:42 | Build | Farm |
| 17:44 | Create | Villager (Male) |
| 18:08 | Research | Wheelbarrow |
| 18:11 | Create | Villager (Male) |
| 18:15 | Build | Farm |
| 18:16 | Build | Farm |
| 18:20 | Create | Villager (Male) |
| 18:25 | Build | Farm |
| 18:32 | Build | House |
| 18:34 | Build | House |
| 18:37 | Create | Villager (Male) |
| 18:57 | Build | Farm |
| 19:03 | Create | Villager (Male) |
| 19:10 | Create | Villager (Male) |
| 19:12 | Create | Villager (Male) |
| 19:15 | Build | Farm |
| 19:19 | Build | Farm |
| 19:26 | Build | Farm |
| 19:28 | Create | Villager (Male) |
| 19:34 | Build | Farm |
| 19:46 | Build | Farm |
| 19:48 | Create | Villager (Male) |
| 19:50 | Create | Villager (Male) |
| 19:51 | Create | Villager (Male) |
| 19:59 | Create | Villager (Male) |
| 19:59 | Create | Villager (Male) |
| 20:02 | Build | House |
| 20:03 | Build | House |
| 20:05 | Build | House |
| 20:19 | Build | Farm |
| 20:24 | Build | Farm |
| 20:32 | Create | Villager (Male) |
| 20:32 | Create | Villager (Male) |
| 20:32 | Create | Villager (Male) |
| 20:33 | Create | Villager (Male) |
| 20:54 | Create | Villager (Male) |
| 20:55 | Create | Villager (Male) |
| 20:55 | Create | Villager (Male) |
| 20:55 | Create | Villager (Male) |
| 21:01 | Build | Farm |
| 21:03 | Build | Farm |
| 21:05 | Build | Farm |
| 21:09 | Build | Farm |
| 21:17 | Create | Villager (Male) |
| 21:17 | Create | Villager (Male) |
| 21:18 | Create | Villager (Male) |
| 21:20 | Create | Villager (Male) |
| 21:30 | Build | Farm |
| 21:38 | Build | House |
| 21:39 | Build | House |
| 21:40 | Build | House |
| 21:44 | Create | Villager (Male) |
| 21:45 | Create | Villager (Male) |
| 21:45 | Create | Villager (Male) |
| 21:46 | Create | Villager (Male) |
| 21:52 | Build | Farm |
| 21:56 | Build | Farm |
| 22:03 | Build | Farm |
| 22:08 | Build | Farm |
| 22:11 | Create | Villager (Male) |
| 22:11 | Create | Villager (Male) |
| 22:12 | Create | Villager (Male) |
| 22:12 | Create | Villager (Male) |
| 22:20 | Build | Farm |
| 22:23 | Build | Farm |
| 22:33 | Create | Villager (Male) |
Build order — MoiTapChoi
First 150 of 169 actions detected
| 0:02 | Research | Loom |
| 0:02 | Create | Villager (Male) |
| 0:02 | Create | Villager (Male) |
| 0:03 | Create | Villager (Male) |
| 0:03 | Create | Villager (Male) |
| 0:04 | Create | Villager (Male) |
| 0:19 | Build | House |
| 0:45 | Build | House |
| 0:47 | Build | House |
| 2:00 | Build | House |
| 2:15 | Create | Villager (Male) |
| 2:15 | Create | Villager (Male) |
| 2:30 | Build | Lumber Camp |
| 3:03 | Create | Villager (Male) |
| 3:40 | Create | Villager (Male) |
| 3:42 | Create | Villager (Male) |
| 3:58 | Create | Villager (Male) |
| 3:58 | Create | Villager (Male) |
| 4:40 | Create | Villager (Male) |
| 4:41 | Create | Villager (Male) |
| 4:41 | Create | Villager (Male) |
| 5:04 | Build | Mill |
| 5:46 | Create | Villager (Male) |
| 5:46 | Create | Villager (Male) |
| 5:46 | Create | Villager (Male) |
| 6:23 | Build | Mining Camp |
| 6:28 | Create | Villager (Male) |
| 7:05 | Build | Mining Camp |
| 7:48 | Create | Villager (Male) |
| 7:49 | Create | Villager (Male) |
| 8:28 | Research | Feudal Age |
| 8:45 | Create | Villager (Male) |
| 9:25 | Create | Villager (Male) |
| 9:26 | Create | Villager (Male) |
| 9:26 | Create | Villager (Male) |
| 10:10 | Build | House |
| 10:11 | Build | House |
| 10:51 | Age | Feudal Age |
| 11:03 | Build | Market |
| 11:08 | Build | Blacksmith |
| 13:45 | Research | Castle Age |
| 14:49 | Build | Mill |
| 16:25 | Age | Castle Age |
| 16:31 | Build | Siege Workshop |
| 16:38 | Build | Castle |
| 16:50 | Create | Unit 1105 |
| 16:51 | Create | Battering Ram ×2 |
| 17:00 | Create | Villager (Male) |
| 17:03 | Create | Battering Ram |
| 18:11 | Create | Samurai ×2 |
| 18:12 | Create | Samurai ×2 |
| 18:22 | Build | Farm |
| 18:24 | Build | Farm |
| 18:25 | Build | Farm |
| 18:27 | Build | Farm |
| 18:54 | Create | Samurai |
| 19:45 | Create | Samurai ×3 |
| 19:45 | Create | Samurai ×3 |
| 20:30 | Create | Samurai ×2 |
| 20:30 | Create | Samurai ×2 |
| 20:55 | Create | Samurai ×2 |
| 20:55 | Create | Samurai ×2 |
| 21:36 | Create | Samurai ×2 |
| 21:37 | Create | Samurai ×2 |
| 22:36 | Create | Samurai ×4 |
| 22:37 | Create | Samurai ×4 |
| 23:13 | Create | Samurai ×3 |
| 23:22 | Create | Battering Ram |
| 24:34 | Create | Battering Ram |
| 24:34 | Create | Battering Ram |
| 25:06 | Create | Battering Ram |
| 25:09 | Create | Samurai ×5 |
| 25:12 | Research | Scale Mail Armor |
| 26:13 | Build | Farm |
| 26:20 | Build | Farm |
| 26:26 | Create | Villager (Male) ×4 |
| 26:41 | Create | Samurai |
| 26:45 | Build | Farm |
| 26:47 | Build | Farm |
| 26:48 | Build | Farm |
| 26:49 | Build | Farm |
| 26:54 | Build | Farm |
| 26:55 | Build | Farm |
| 27:15 | Create | Samurai |
| 27:38 | Create | Samurai |
| 27:46 | Build | Farm |
| 28:11 | Build | Farm |
| 28:41 | Create | Villager (Male) |
| 28:41 | Create | Villager (Male) |
| 29:03 | Create | Villager (Male) |
| 29:07 | Create | Samurai |
| 29:32 | Create | Villager (Male) |
| 29:37 | Create | Samurai |
| 29:42 | Create | Villager (Male) |
| 29:45 | Create | Battering Ram |
| 30:20 | Create | Samurai |
| 30:22 | Create | Villager (Male) |
| 30:28 | Create | Battering Ram |
| 30:37 | Create | Villager (Male) |
| 30:48 | Build | House |
| 30:50 | Build | House |
| 30:57 | Create | Samurai |
| 30:58 | Create | Samurai |
| 31:02 | Create | Villager (Male) |
| 31:16 | Build | House |
| 31:17 | Build | House |
| 31:42 | Research | Forging |
| 31:42 | Research | Forging |
| 31:59 | Create | Samurai |
| 32:00 | Create | Samurai |
| 32:22 | Create | Samurai ×2 |
| 32:35 | Build | Town Center |
| 32:44 | Create | Samurai |
| 34:29 | Build | Lumber Camp |
| 34:38 | Build | Siege Workshop |
| 34:43 | Build | Barracks |
| 34:59 | Create | Villager (Male) |
| 34:59 | Create | Villager (Male) |
| 35:01 | Create | Villager (Male) |
| 35:02 | Create | Villager (Male) |
| 35:27 | Research | Wheelbarrow |
| 35:28 | Research | Town Watch |
| 35:32 | Create | Villager (Male) ×3 |
| 35:53 | Build | Barracks |
| 36:01 | Build | Barracks |
| 36:12 | Create | Villager (Male) ×3 |
| 36:12 | Create | Villager (Male) ×3 |
| 36:45 | Create | Villager (Male) ×2 |
| 36:46 | Create | Villager (Male) ×2 |
| 37:03 | Build | Castle |
| 37:37 | Build | Town Center |
| 38:00 | Research | Pikeman (upgrade) |
| 38:03 | Create | Villager (Male) |
| 38:11 | Create | Villager (Male) |
| 38:59 | Research | Squires |
| 39:02 | Create | Villager (Male) ×2 |
| 39:10 | Build | Farm |
| 39:11 | Build | Farm |
| 39:11 | Build | Farm |
| 39:13 | Build | Farm |
| 39:16 | Build | Farm |
| 39:17 | Build | Farm |
| 39:19 | Build | Farm |
| 39:20 | Build | Farm |
| 39:30 | Create | Spearman |
| 39:30 | Create | Spearman |
| 39:31 | Create | Spearman |
| 39:31 | Create | Spearman |
| 39:34 | Create | Spearman |
| 40:14 | Create | Spearman |
Build order — MartsRdm
First 150 of 398 actions detected
| 0:01 | Create | Villager (Male) ×4 |
| 0:03 | Build | House |
| 0:04 | Build | House |
| 1:18 | Create | Villager (Male) |
| 1:18 | Create | Villager (Male) |
| 1:18 | Create | Villager (Male) |
| 1:46 | Build | Lumber Camp |
| 2:02 | Create | Villager (Male) |
| 2:03 | Create | Villager (Male) |
| 2:03 | Create | Villager (Male) |
| 2:03 | Create | Villager (Male) |
| 2:31 | Create | Villager (Male) |
| 2:31 | Create | Villager (Male) |
| 2:32 | Create | Villager (Male) |
| 2:46 | Build | House |
| 3:08 | Create | Villager (Male) |
| 3:08 | Create | Villager (Male) |
| 3:08 | Create | Villager (Male) |
| 3:09 | Create | Villager (Male) |
| 3:26 | Build | House |
| 3:39 | Create | Villager (Male) |
| 3:39 | Create | Villager (Male) |
| 3:53 | Build | House |
| 4:32 | Create | Villager (Male) |
| 4:49 | Build | Mill |
| 4:55 | Create | Villager (Male) |
| 4:55 | Create | Villager (Male) |
| 4:55 | Create | Villager (Male) |
| 4:55 | Create | Villager (Male) |
| 4:56 | Create | Villager (Male) |
| 6:04 | Create | Villager (Male) |
| 6:05 | Create | Villager (Male) |
| 6:05 | Create | Villager (Male) |
| 7:17 | Build | Farm |
| 7:26 | Create | Villager (Male) |
| 7:27 | Create | Villager (Male) |
| 7:27 | Create | Villager (Male) |
| 8:02 | Build | Farm |
| 8:35 | Create | Villager (Male) |
| 8:36 | Research | Feudal Age |
| 8:50 | Build | Mining Camp |
| 10:37 | Build | Farm |
| 10:39 | Build | Farm |
| 11:22 | Age | Feudal Age |
| 11:23 | Build | Market |
| 11:26 | Build | Blacksmith |
| 11:28 | Create | Villager (Male) |
| 11:28 | Create | Villager (Male) |
| 12:13 | Research | Castle Age |
| 12:13 | Research | Castle Age |
| 12:13 | Research | Castle Age |
| 12:28 | Research | Double-Bit Axe |
| 12:29 | Research | Horse Collar |
| 12:29 | Research | Horse Collar |
| 13:42 | Build | House |
| 14:15 | Build | House |
| 14:46 | Build | House |
| 14:58 | Age | Castle Age |
| 15:01 | Build | Town Center |
| 15:05 | Build | Town Center |
| 15:06 | Create | Villager (Male) |
| 15:11 | Research | Heavy Plow |
| 15:11 | Research | Heavy Plow |
| 15:11 | Research | Heavy Plow |
| 15:20 | Build | House |
| 15:45 | Create | Villager (Male) |
| 15:58 | Build | Farm |
| 16:06 | Create | Villager (Male) |
| 16:19 | Build | Farm |
| 16:20 | Create | Villager (Male) |
| 17:03 | Create | Villager (Male) |
| 17:05 | Research | Town Watch |
| 17:07 | Build | Farm |
| 17:09 | Build | Farm |
| 17:12 | Build | Farm |
| 17:13 | Build | Farm |
| 17:17 | Build | Farm |
| 17:19 | Create | Villager (Male) |
| 17:22 | Build | Farm |
| 17:24 | Build | Farm |
| 17:24 | Build | Farm |
| 17:25 | Build | Farm |
| 17:32 | Build | Farm |
| 17:32 | Create | Villager (Male) |
| 17:37 | Build | Farm |
| 17:37 | Build | Farm |
| 17:37 | Build | Farm |
| 17:38 | Build | Farm |
| 17:38 | Build | Farm |
| 17:40 | Create | Villager (Male) ×2 |
| 17:49 | Build | Farm |
| 17:52 | Build | Farm |
| 17:53 | Build | Farm |
| 17:54 | Create | Villager (Male) ×2 |
| 18:01 | Create | Villager (Male) |
| 18:04 | Create | Villager (Male) ×2 |
| 18:08 | Create | Villager (Male) |
| 18:15 | Build | Farm |
| 18:25 | Research | Bow Saw |
| 18:25 | Research | Bow Saw |
| 18:25 | Research | Bow Saw |
| 18:31 | Create | Villager (Male) |
| 18:34 | Build | Farm |
| 18:35 | Build | Farm |
| 18:37 | Create | Villager (Male) ×2 |
| 18:42 | Build | Farm |
| 18:48 | Create | Villager (Male) |
| 18:48 | Create | Villager (Male) |
| 18:48 | Create | Villager (Male) |
| 18:49 | Create | Villager (Male) |
| 18:53 | Build | House |
| 18:58 | Build | House |
| 19:05 | Build | Palisade Wall |
| 19:08 | Build | House |
| 19:09 | Create | Villager (Male) |
| 19:09 | Create | Villager (Male) |
| 19:22 | Build | Siege Workshop |
| 19:23 | Create | Villager (Male) ×2 |
| 19:47 | Build | Stone Wall |
| 19:55 | Build | Stone Wall |
| 19:58 | Build | Stone Wall |
| 19:59 | Create | Villager (Male) |
| 20:03 | Build | Stone Wall |
| 20:06 | Create | Villager (Male) ×4 |
| 20:20 | Create | Mangonel |
| 20:20 | Create | Mangonel |
| 20:21 | Create | Mangonel |
| 20:23 | Create | Villager (Male) ×2 |
| 20:36 | Create | Villager (Male) ×2 |
| 20:39 | Build | Stone Wall |
| 20:41 | Build | Stone Wall |
| 20:44 | Build | Stone Wall |
| 20:45 | Build | House |
| 20:49 | Build | Stone Wall |
| 21:18 | Build | Building 487 |
| 21:39 | Build | Building 487 |
| 21:41 | Build | House |
| 21:46 | Create | Villager (Male) |
| 21:48 | Build | Building 490 |
| 21:58 | Create | Villager (Male) ×3 |
| 22:21 | Create | Villager (Male) |
| 23:22 | Build | Castle |
| 23:30 | Build | Building 487 |
| 23:33 | Build | Stone Wall |
| 23:39 | Build | Building 487 |
| 23:42 | Build | Stone Wall |
| 23:47 | Build | Stone Wall |
| 24:36 | Create | Hussite Wagon |
| 24:36 | Create | Hussite Wagon |
| 24:37 | Create | Hussite Wagon |
Match timeline
| 9:08 | 跟鬼一樣 · age_up feudal |
| 10:14 | jeromeW · age_up feudal |
| 10:48 | |WolkF| · age_up feudal |
| 10:51 | MoiTapChoi · age_up feudal |
| 11:22 | MartsRdm · age_up feudal |
| 11:29 | jeromeW · first_market_buy 100 food |
| 11:31 | jeromeW · first_market_sell 100 stone |
| 11:36 | Aasal · age_up feudal |
| 11:40 | Comend x comend · age_up feudal |
| 12:01 | Snow100 · age_up feudal |
| 13:22 | Snow100 · first_market_buy 100 food |
| 13:32 | 跟鬼一樣 · first_market_buy 100 stone |
| 14:26 | jeromeW · age_up castle |
| 14:43 | |WolkF| · age_up castle |
| 14:58 | MartsRdm · age_up castle |
| 15:07 | Aasal · age_up castle |
| 15:09 | |WolkF| · first_market_sell 100 food |
| 15:10 | |WolkF| · first_market_buy 100 stone |
| 15:33 | Comend x comend · age_up castle |
| 15:45 | Comend x comend · first_building Castle |
| 16:00 | jeromeW · first_building Castle |
| 16:11 | jeromeW · wall_segment Palisade Wall x1 |
| 16:13 | jeromeW · wall_segment Palisade Wall x1 |
| 16:14 | jeromeW · wall_segment Palisade Wall x1 |
| 16:21 | Snow100 · age_up castle |
| 16:25 | MoiTapChoi · age_up castle |
| 16:31 | MoiTapChoi · first_building Siege Workshop |
| 16:33 | Comend x comend · first_market_sell 100 wood |
| 16:38 | MoiTapChoi · first_building Castle |
| 17:35 | MartsRdm · first_market_buy 100 food |
| 17:53 | Comend x comend · wall_segment Stone Wall x1 |
| 18:00 | Comend x comend · wall_segment Stone Wall x1 |
| 19:05 | MartsRdm · wall_segment Palisade Wall x1 |
| 19:06 | 跟鬼一樣 · age_up castle |
| 19:22 | MartsRdm · first_building Siege Workshop |
| 19:47 | MartsRdm · wall_segment Stone Wall x8 |
| 19:55 | MartsRdm · wall_segment Stone Wall x1 |
| 19:58 | MartsRdm · wall_segment Stone Wall x1 |
| 20:03 | MartsRdm · wall_segment Stone Wall x1 |
| 20:35 | Aasal · first_market_sell 100 wood |
| 20:39 | Aasal · first_market_buy 100 stone |
| 20:39 | MartsRdm · wall_segment Stone Wall x3 |
| 20:41 | MartsRdm · wall_segment Stone Wall x1 |
| 20:44 | MartsRdm · wall_segment Stone Wall x7 |
| 20:49 | MartsRdm · wall_segment Stone Wall x1 |
| 20:49 | Comend x comend · first_building Siege Workshop |
| 21:08 | |WolkF| · first_building Barracks |
| 21:15 | MartsRdm · first_market_sell 100 food |
| 21:47 | |WolkF| · first_building Stable |
| 22:09 | Comend x comend · first_market_buy 100 wood |
| 22:34 | Aasal · first_building Monastery |
| 22:41 | Aasal · first_building Barracks |
| 23:22 | MartsRdm · first_building Castle |
| 23:30 | 跟鬼一樣 · first_building Monastery |
| 23:33 | MartsRdm · wall_segment Stone Wall x1 |
| 23:35 | Snow100 · first_building Castle |
| 23:42 | MartsRdm · wall_segment Stone Wall x1 |
| 23:47 | MartsRdm · wall_segment Stone Wall x1 |
| 23:52 | Aasal · first_building Stable |
| 24:45 | Snow100 · first_building Barracks |
| 25:04 | Aasal · first_building Archery Range |
| 25:39 | jeromeW · wall_segment Stone Wall x3 |
| 25:59 | Snow100 · first_building Stable |
| 26:07 | 跟鬼一樣 · first_building Barracks |
| 26:15 | MartsRdm · wall_segment Stone Wall x3 |
| 26:33 | |WolkF| · first_building Monastery |
| 26:49 | MartsRdm · wall_segment Stone Wall x2 |
| 27:29 | 跟鬼一樣 · first_building Stable |
| 29:01 | |WolkF| · tribute_sent a jugador 1 |
| 29:01 | |WolkF| · tribute_sent a jugador 2 |
| 29:01 | |WolkF| · tribute_sent a jugador 3 |
| 29:01 | |WolkF| · tribute_sent a jugador 5 |
| 29:01 | |WolkF| · tribute_sent a jugador 6 |
| 29:01 | |WolkF| · tribute_sent a jugador 7 |
| 29:01 | |WolkF| · tribute_sent a jugador 8 |
| 29:01 | Snow100 · first_market_sell 100 wood |
| 29:44 | Snow100 · age_up imperial |
| 30:27 | Aasal · age_up imperial |
| 30:29 | 跟鬼一樣 · first_building Castle |
| 30:53 | Snow100 · tribute_sent a jugador 1 |
| 30:53 | Snow100 · tribute_sent a jugador 2 |
| 30:53 | Snow100 · tribute_sent a jugador 3 |
| 30:53 | Snow100 · tribute_sent a jugador 4 |
| 30:53 | Snow100 · tribute_sent a jugador 5 |
| 30:53 | Snow100 · tribute_sent a jugador 7 |
| 30:53 | Snow100 · tribute_sent a jugador 8 |
| 31:56 | |WolkF| · age_up imperial |
| 31:59 | 跟鬼一樣 · age_up imperial |
| 32:25 | |WolkF| · tribute_sent a jugador 1 |
| 32:25 | |WolkF| · tribute_sent a jugador 2 |
| 32:25 | |WolkF| · tribute_sent a jugador 3 |
| 32:25 | |WolkF| · tribute_sent a jugador 5 |
| 32:25 | |WolkF| · tribute_sent a jugador 6 |
| 32:25 | |WolkF| · tribute_sent a jugador 7 |
| 32:25 | |WolkF| · tribute_sent a jugador 8 |
| 32:28 | Aasal · first_building Castle |
| 33:06 | MartsRdm · wall_segment Stone Wall x8 |
| 33:52 | |WolkF| · first_building Castle |
| 33:57 | |WolkF| · first_building Siege Workshop |
| 34:21 | Comend x comend · age_up imperial |
| 34:43 | MoiTapChoi · first_building Barracks |
| 35:20 | MartsRdm · first_building Barracks |
| 35:29 | |WolkF| · tribute_sent a jugador 1 |
| 35:29 | |WolkF| · tribute_sent a jugador 2 |
| 35:29 | |WolkF| · tribute_sent a jugador 3 |
| 35:29 | |WolkF| · tribute_sent a jugador 5 |
| 35:29 | |WolkF| · tribute_sent a jugador 6 |
| 35:29 | |WolkF| · tribute_sent a jugador 7 |
| 35:29 | |WolkF| · tribute_sent a jugador 8 |
| 35:32 | 跟鬼一樣 · first_building Siege Workshop |
| 36:56 | MartsRdm · wall_segment Stone Wall x6 |
| 38:21 | |WolkF| · tribute_sent a jugador 1 |
| 38:21 | |WolkF| · tribute_sent a jugador 2 |
| 38:21 | |WolkF| · tribute_sent a jugador 3 |
| 38:21 | |WolkF| · tribute_sent a jugador 5 |
| 38:21 | |WolkF| · tribute_sent a jugador 6 |
| 38:21 | |WolkF| · tribute_sent a jugador 7 |
| 38:21 | |WolkF| · tribute_sent a jugador 8 |
| 38:54 | jeromeW · first_building Barracks |
| 38:58 | MartsRdm · wall_segment Stone Wall x6 |
| 40:14 | MartsRdm · age_up imperial |
| 40:59 | MartsRdm · wall_segment Palisade Wall x1 |
| 41:59 | Aasal · resign |
[ AI ANALYSIS · 1 CREDIT ]
What really happened in this match?
Wolo.gg analyzes every decision: build order, eco, micro, common mistakes by bracket. Personalized analysis on WhatsApp or Discord in 30 seconds.
Civ guide
Wei
Map guide
Arena
Perfil
Jugador #2052215